3AAA
SANTA BARBARA GOLDEN CRANES @ ATHLETIC CLUB KC RESERVES
07/01/2042
 
TOP OF THE 1ST
Santa Barbara Golden Cranes batting - Pitching for Athletic Club KC Reserves : RHP Billy Fitzgerald Jr.
Pitching: RHP Billy Fitzgerald Jr.
Batting: LHB Arto Toikka 0-0: SINGLE (Flyball, 34D, EV 100.6 MPH)
Batting: RHB Jody Clark 0-0: Called Strike
0-1: Ball
1-1: Fly out, F9 (Flyball, 9S, EV 88.8 MPH)
Batting: LHB Jamie Starr 0-0: Called Strike
0-1: Ball
1-1: Ball
2-1: Fielders Choice at 2nd, 1-6 (Groundball, 13, EV 83.1 MPH)
Batting: LHB Steve Murdock 0-0: Fly out, F7 (Flyball, 7S, EV 90.6 MPH)
Top of the 1st over - 0 runs, 1 hit, 0 errors, 1 left on base; Santa Barbara 0 - Athletic Club KC 0
BOTTOM OF THE 1ST
Athletic Club KC Reserves batting - Pitching for Santa Barbara Golden Cranes : RHP Harry Stuterberg
Pitching: RHP Harry Stuterberg
Batting: RHB Marcos Quintana 0-0: SINGLE (Groundball, 56D, EV 96.9 MPH)
Batting: RHB Terry Kurucz 0-0: Ball
1-0: 2-RUN HOME RUN (Flyball, 89XD, EV 104.4 MPH), Distance : 362 ft
Batting: RHB Dick Barnett 0-0: Swinging Strike
0-1: Ball
1-1: Swinging Strike
1-2: Foul Ball, location: 2F
1-2: Foul Ball, location: 2F
1-2: Foul Ball, location: 2F
1-2: Ball
2-2: Foul Ball, location: 2F
2-2: Ball
3-2: SINGLE (Line Drive, 5D, EV 100.6 MPH)
Batting: LHB Oriol Fernández 0-0: SINGLE (Line Drive, 8RS, EV 93.1 MPH)
Dick Barnett to second
Runner from 2nd tries for 3rd, SAFE, no throw by CF
Batting: SHB Michael Evershed 0-0: Ball
1-0: Foul Ball, location: 2F
1-1: Ball
2-1: Fly out, F8 (Flyball, 89XD, EV 106.9 MPH)
Runner from 3rd tags up, SCORES, no throw by CF
Batting: LHB Miguel Fernández 0-0: Ball
1-0: Fly out, F7 (Line Drive, 7D, EV 86.2 MPH)
Batting: LHB Ted Reed 0-0: Called Strike
0-1: Foul Ball, location: 2F
0-2: Ball
1-2: Ball
2-2: Ball
3-2: Foul Ball, location: 2F
3-2: Fly out, F7 (Line Drive, 7D, EV 86.2 MPH)
Bottom of the 1st over - 3 runs, 4 hits, 0 errors, 1 left on base; Santa Barbara 0 - Athletic Club KC 3
TOP OF THE 2ND
Santa Barbara Golden Cranes batting - Pitching for Athletic Club KC Reserves : RHP Billy Fitzgerald Jr.
Batting: RHB José Avilés 0-0: Ball
1-0: Reached on error, E5 (Groundball, 5, EV 80.0 MPH)
Batting: LHB Alfredo Garza 0-0: Called Strike
0-1: Foul Ball, location: 2F
0-2: DOUBLE (Line Drive, 5D, EV 96.9 MPH)
José Avilés scores
Batting: RHB John Ricks 0-0: Called Strike
0-1: SINGLE (Line Drive, 34D, EV 94.4 MPH)
Alfredo Garza to third
Batting: LHB Kyle Mullens 0-0: Ball
1-0: Swinging Strike
1-1: Ball
2-1: Fielders Choice at 2nd, 4-6 (Groundball, 4D, EV 83.8 MPH)
Alfredo Garza scores
Batting: RHB Pat Lloyd 0-0: Swinging Strike
Kyle Mullens steals 2nd base
0-1: Ground out 5-3 (Groundball, 5S, EV 63.8 MPH)
Kyle Mullens to third
Batting: LHB Arto Toikka 0-0: Called Strike
0-1: Ground out 1-3 (Groundball, 13, EV 69.4 MPH)
Top of the 2nd over - 2 runs, 2 hits, 1 error, 1 left on base; Santa Barbara 2 - Athletic Club KC 3
BOTTOM OF THE 2ND
Athletic Club KC Reserves batting - Pitching for Santa Barbara Golden Cranes : RHP Harry Stuterberg
Batting: LHB Thomas Nealy 0-0: Foul Ball, location: 2F
0-1: Ground out 6-3 (Groundball, 6, EV 81.2 MPH)
Batting: RHB Gabriel Martínez 0-0: Called Strike
0-1: Foul Ball, location: 2F
0-2: Foul Ball, location: 2F
0-2: Ball
1-2: SINGLE (Line Drive, 7S, EV 93.1 MPH)
Batting: RHB Marcos Quintana 0-0: Ball
1-0: Ball
Gabriel Martínez steals 2nd base (no throw)
2-0: Ball
3-0: Called Strike
3-1: Foul Ball, location: 2F
3-2: SINGLE (Groundball, 6S, EV 87.5 MPH) (infield hit)
Gabriel Martínez to third
Batting: RHB Terry Kurucz 0-0: Fly out, F9 (Flyball, 9S, EV 81.2 MPH)
Batting: RHB Dick Barnett 0-0: Ball
1-0: Called Strike
1-1: Ball
2-1: Swinging Strike
2-2: Foul Ball, location: 2F
2-2: Strikes out looking
Bottom of the 2nd over - 0 runs, 2 hits, 0 errors, 2 left on base; Santa Barbara 2 - Athletic Club KC 3
TOP OF THE 3RD
Santa Barbara Golden Cranes batting - Pitching for Athletic Club KC Reserves : RHP Billy Fitzgerald Jr.
Batting: RHB Jody Clark 0-0: Ball
1-0: Bunted foul
1-1: Ground out 6-3 (Groundball, 6MD, EV 103.1 MPH)
Batting: LHB Jamie Starr 0-0: Called Strike
0-1: Ball
1-1: Ball
2-1: Ball
3-1: Base on Balls
Batting: LHB Steve Murdock 0-0: Ball
1-0: Foul Ball, location: 2F
1-1: Swinging Strike
1-2: Ball
2-2: Strikes out looking
Batting: RHB José Avilés 0-0: SINGLE (Line Drive, 4MD, EV 95.6 MPH)
Jamie Starr to second
Batting: LHB Alfredo Garza 0-0: Ball
1-0: Ball
2-0: Foul Ball, location: 2F
2-1: Swinging Strike
2-2: Fielders Choice at 2nd, 5-4 (Groundball, 5, EV 86.9 MPH)
Top of the 3rd over - 0 runs, 1 hit, 0 errors, 2 left on base; Santa Barbara 2 - Athletic Club KC 3
BOTTOM OF THE 3RD
Athletic Club KC Reserves batting - Pitching for Santa Barbara Golden Cranes : RHP Harry Stuterberg
Batting: LHB Oriol Fernández 0-0: Ball
1-0: Swinging Strike
1-1: Ball
2-1: Called Strike
2-2: Foul Ball, location: 2F
2-2: Strikes out swinging
Batting: SHB Michael Evershed 0-0: Swinging Strike
0-1: Swinging Strike
0-2: Ground out U3 (Groundball, 34, EV 76.9 MPH)
Batting: LHB Miguel Fernández 0-0: Called Strike
0-1: Ball
1-1: Swinging Strike
1-2: Ground out 1-3 (Groundball, 23, EV 81.9 MPH)
Bottom of the 3rd over - 0 runs, 0 hits, 0 errors, 0 left on base; Santa Barbara 2 - Athletic Club KC 3
TOP OF THE 4TH
Santa Barbara Golden Cranes batting - Pitching for Athletic Club KC Reserves : RHP Billy Fitzgerald Jr.
Batting: RHB John Ricks 0-0: Called Strike
0-1: Fly out, F8 (Flyball, 8LD, EV 89.4 MPH)
Batting: LHB Kyle Mullens 0-0: Ball
1-0: Ball
2-0: Foul Ball, location: 2F
2-1: SINGLE (Groundball, 6D, EV 95.0 MPH)
Batting: RHB Pat Lloyd 0-0: Foul Ball, location: 2F
0-1: Foul Ball, location: 2F
0-2: Ball
1-2: SINGLE (Groundball, 6MD, EV 96.9 MPH)
Kyle Mullens to second
Batting: LHB Arto Toikka 0-0: Ball
1-0: Ball
2-0: Called Strike
2-1: Called Strike
2-2: Fly out, F9 (Flyball, 89D, EV 103.8 MPH)
Batting: RHB Jody Clark 0-0: Ball
1-0: Ball
2-0: Called Strike
2-1: Fly out, F9 (Flyball, 89M, EV 83.8 MPH)
Top of the 4th over - 0 runs, 2 hits, 0 errors, 2 left on base; Santa Barbara 2 - Athletic Club KC 3
BOTTOM OF THE 4TH
Athletic Club KC Reserves batting - Pitching for Santa Barbara Golden Cranes : RHP Harry Stuterberg
Batting: LHB Ted Reed 0-0: Called Strike
0-1: Ball
1-1: Ball
2-1: Called Strike
2-2: Fly out, F8 (Flyball, 8LM, EV 90.0 MPH)
Batting: LHB Thomas Nealy 0-0: Called Strike
0-1: Ball
1-1: Ball
2-1: Ball
3-1: Base on Balls
Batting: RHB Gabriel Martínez 0-0: Called Strike
0-1: Swinging Strike
0-2: Ball
1-2: SINGLE (Groundball, 4, EV 105.0 MPH) (infield hit)
Thomas Nealy to second
Batting: RHB Marcos Quintana 0-0: Foul Ball, location: 2F
0-1: Ball
1-1: Ball
2-1: Ball
3-1: Foul Ball, location: 2F
3-2: Base on Balls
Thomas Nealy to third
Gabriel Martínez to second
Batting: RHB Terry Kurucz 0-0: Called Strike
0-1: Swinging Strike
0-2: Grounds into fielders choice 1-2 (Groundball, 13S, EV 63.8 MPH)
Gabriel Martínez to third
Marcos Quintana to second
Batting: RHB Dick Barnett 0-0: Ball
1-0: Called Strike
1-1: Fielders Choice at 2nd, 5-4 (Groundball, 56, EV 86.9 MPH)
Bottom of the 4th over - 0 runs, 1 hit, 0 errors, 3 left on base; Santa Barbara 2 - Athletic Club KC 3
TOP OF THE 5TH
Santa Barbara Golden Cranes batting - Pitching for Athletic Club KC Reserves : RHP Billy Fitzgerald Jr.
Batting: LHB Jamie Starr 0-0: Called Strike
0-1: Fly out, F7 (Line Drive, 7D, EV 93.8 MPH)
Batting: LHB Steve Murdock 0-0: Ball
1-0: DOUBLE (Line Drive, 78XD, EV 99.4 MPH)
Batting: RHB José Avilés 0-0: SINGLE (Line Drive, 7LM, EV 103.8 MPH)
Steve Murdock to third
Runner from 3rd tries for Home, SAFE, no throw by LF
Batting: LHB Alfredo Garza 0-0: Called Strike
0-1: SINGLE (Line Drive, 4MD, EV 103.8 MPH)
José Avilés to second
Batting: RHB John Ricks 0-0: Ball
1-0: Ball
2-0: Fielders Choice at 2nd, 5-4 (Groundball, 56, EV 103.1 MPH)
José Avilés to third
Batting: LHB Kyle Mullens 0-0: Ball
1-0: 3-RUN HOME RUN (Flyball, 7LD, EV 108.8 MPH), Distance : 330 ft
Pitching: RHP Lucas Thomas
Batting: RHB Pat Lloyd 0-0: Ball
1-0: Ball
2-0: Called Strike
2-1: Ball
3-1: Called Strike
3-2: Base on Balls
Batting: LHB Arto Toikka 0-0: Ball
1-0: Ball
2-0: Ball
3-0: Called Strike
3-1: Called Strike
3-2: Ground out 4-3 (Groundball, 3D, EV 103.1 MPH)
Top of the 5th over - 4 runs, 4 hits, 0 errors, 1 left on base; Santa Barbara 6 - Athletic Club KC 3
BOTTOM OF THE 5TH
Athletic Club KC Reserves batting - Pitching for Santa Barbara Golden Cranes : RHP Harry Stuterberg
Batting: LHB Oriol Fernández 0-0: Ball
1-0: Called Strike
1-1: Ball
2-1: Foul Ball, location: 2F
2-2: Fly out, F8 (Line Drive, 8LM, EV 90.6 MPH)
Batting: SHB Michael Evershed 0-0: Called Strike
0-1: Called Strike
0-2: Ball
1-2: Ball
2-2: Ground out 4-3 (Groundball, 4, EV 90.0 MPH)
Batting: LHB Miguel Fernández 0-0: Ball
1-0: Foul Ball, location: 2F
1-1: Swinging Strike
1-2: Strikes out swinging, 2-3 out at first.
Bottom of the 5th over - 0 runs, 0 hits, 0 errors, 0 left on base; Santa Barbara 6 - Athletic Club KC 3
TOP OF THE 6TH
Santa Barbara Golden Cranes batting - Pitching for Athletic Club KC Reserves : RHP Lucas Thomas
Batting: RHB Jody Clark 0-0: Foul Ball, location: 2F
0-1: Ball
1-1: Foul Ball, location: 2F
1-2: Ball
2-2: Foul Ball, location: 2F
2-2: Strikes out swinging
Batting: LHB Jamie Starr 0-0: Ball
1-0: Foul Ball, location: 2F
1-1: Called Strike
1-2: Strikes out swinging
Batting: LHB Steve Murdock 0-0: Foul Ball, location: 2F
0-1: Swinging Strike
0-2: Ground out 1-3 (Groundball, 13S, EV 71.9 MPH)
Top of the 6th over - 0 runs, 0 hits, 0 errors, 0 left on base; Santa Barbara 6 - Athletic Club KC 3
BOTTOM OF THE 6TH
Athletic Club KC Reserves batting - Pitching for Santa Barbara Golden Cranes : RHP Harry Stuterberg
Batting: LHB Ted Reed 0-0: Ball
1-0: Foul Ball, location: 2F
1-1: Called Strike
1-2: Ball
2-2: Strikes out swinging passed ball, reaches first!
Pitching: RHP Chris Berry
Batting: LHB Thomas Nealy 0-0: Called Strike
0-1: Bunted foul
0-2: Ball
1-2: Foul Ball, location: 2F
1-2: Ball
2-2: Foul Ball, location: 2F
2-2: Foul Ball, location: 2F
2-2: Foul Ball, location: 2F
2-2: Ball
3-2: Foul Ball, location: 2F
3-2: Base on Balls
Ted Reed to second
Batting: RHB Gabriel Martínez 0-0: Called Strike
0-1: Ball
1-1: Swinging Strike
1-2: Foul Ball, location: 2F
1-2: Ball
2-2: Reached on error, E3 (Groundball, 34, EV 107.5 MPH)
Ted Reed to third
Thomas Nealy to second
Batting: RHB Marcos Quintana 0-0: SINGLE (Groundball, 34, EV 93.8 MPH)
Ted Reed scores
Thomas Nealy to third
Gabriel Martínez to second
Batting: RHB Terry Kurucz 0-0: Called Strike
0-1: Ball
1-1: Ball
2-1: Foul Ball, location: 2F
2-2: Ball
3-2: DOUBLE (Line Drive, 3D, EV 94.4 MPH)
Thomas Nealy scores
Gabriel Martínez scores
Marcos Quintana to third
Runner from 3rd tries for Home, SAFE, throw by RF to home
Batting: RHB Dick Barnett 0-0: Ball
1-0: Ball
2-0: Ball
3-0: Base on Balls
Pitching: LHP Carlos Medina
Batting: LHB Oriol Fernández 0-0: Ball
1-0: DOUBLE (Flyball, 89D, EV 93.8 MPH)
Terry Kurucz scores
Dick Barnett to third
Batting: SHB Michael Evershed 0-0: Ball
1-0: Ball
2-0: Called Strike
2-1: SINGLE (Groundball, 4, EV 99.4 MPH) (infield hit)
Dick Barnett scores
Oriol Fernández to third
Batting: LHB Miguel Fernández 0-0: Ball
1-0: DOUBLE (Line Drive, 78XD, EV 101.2 MPH)
Oriol Fernández scores
Michael Evershed to third
Pitching: RHP Kgosi Gowon
Batting: LHB Ted Reed 0-0: Foul Ball, location: 2F
0-1: Ball
1-1: Foul Ball, location: 2F
1-2: Ball
2-2: Foul Ball, location: 2F
2-2: Foul Ball, location: 2F
2-2: Strikes out looking
Batting: LHB Thomas Nealy 0-0: Ball
1-0: Ground out 4-3 (Groundball, 4, EV 90.0 MPH)
Batting: RHB Gabriel Martínez 0-0: Intentional Walk
Batting: RHB Marcos Quintana 0-0: Called Strike
0-1: Ball
1-1: Foul Ball, location: 2F
1-2: Ball
2-2: Strikes out swinging
Bottom of the 6th over - 7 runs, 5 hits, 1 error, 3 left on base; Santa Barbara 6 - Athletic Club KC 10
TOP OF THE 7TH
Santa Barbara Golden Cranes batting - Pitching for Athletic Club KC Reserves : RHP Lucas Thomas
Batting: RHB José Avilés 0-0: Foul Ball, location: 2F
0-1: Ball
1-1: Ball
2-1: Foul Ball, location: 2F
2-2: Strikes out swinging
Batting: LHB Alfredo Garza 0-0: SOLO HOME RUN (Flyball, 9D, EV 96.2 MPH), Distance : 360 ft
Batting: RHB John Ricks 0-0: Ball
1-0: Swinging Strike
1-1: Fly out, F7 (Flyball, 7S, EV 81.2 MPH)
Batting: LHB Kyle Mullens 0-0: Ball
1-0: Ball
2-0: Ball
3-0: Base on Balls
Batting: RHB Pat Lloyd 0-0: Ball
1-0: SINGLE (Groundball, 6MD, EV 94.4 MPH)
Kyle Mullens to second
Runner from 2nd tries for 3rd, SAFE, throw by CF made to third
Pitching: RHP Amin Yahouse
Batting: LHB Arto Toikka 0-0: Ball
1-0: Swinging Strike
1-1: Ball
2-1: Fly out, F7 (Line Drive, 7, EV 95.0 MPH)
Top of the 7th over - 1 run, 2 hits, 0 errors, 2 left on base; Santa Barbara 7 - Athletic Club KC 10
BOTTOM OF THE 7TH
Athletic Club KC Reserves batting - Pitching for Santa Barbara Golden Cranes : RHP Kgosi Gowon
Batting: RHB Terry Kurucz 0-0: Called Strike
0-1: Foul Ball, location: 2F
0-2: Ball
1-2: Foul Ball, location: 2F
1-2: Foul Ball, location: 2F
1-2: Ball
2-2: SINGLE (Groundball, 34D, EV 100.6 MPH)
Batting: RHB Dick Barnett 0-0: Ball
1-0: Fly out, F8 (Flyball, 89D, EV 85.6 MPH)
Batting: LHB Oriol Fernández 0-0: Ball
Terry Kurucz is caught stealing 2nd base 2-6
1-0: Called Strike
1-1: Swinging Strike
1-2: SOLO HOME RUN (Flyball, 89XD, EV 95.6 MPH), Distance : 383 ft
Pitching: RHP Marcos Oquendo
Batting: SHB Michael Evershed 0-0: Reached on error, E2 (Groundball, 13S, EV 67.5 MPH)
Batting: LHB Miguel Fernández 0-0: Foul Ball, location: 2F
0-1: Ball
1-1: Ball
2-1: Ball
3-1: Called Strike
3-2: Ground out 6-3 (Groundball, 6, EV 88.1 MPH)
Bottom of the 7th over - 1 run, 2 hits, 1 error, 1 left on base; Santa Barbara 7 - Athletic Club KC 11
TOP OF THE 8TH
Santa Barbara Golden Cranes batting - Pitching for Athletic Club KC Reserves : RHP Amin Yahouse
Batting: RHB Jody Clark 0-0: Ball
1-0: Ball
2-0: Ball
3-0: Called Strike
3-1: Foul Ball, location: 2F
3-2: Strikes out looking
Batting: LHB Jamie Starr 0-0: Called Strike
0-1: Swinging Strike
0-2: Fly out, F8 (Flyball, 78S, EV 80.6 MPH)
Batting: LHB Steve Murdock 0-0: Ball
1-0: Ball
2-0: Ball
3-0: Base on Balls
Batting: RHB José Avilés 0-0: Ball
1-0: Called Strike
1-1: Foul Ball, location: 2F
1-2: Strikes out swinging
Top of the 8th over - 0 runs, 0 hits, 0 errors, 1 left on base; Santa Barbara 7 - Athletic Club KC 11
BOTTOM OF THE 8TH
Athletic Club KC Reserves batting - Pitching for Santa Barbara Golden Cranes : RHP Marcos Oquendo
Batting: LHB Ted Reed 0-0: Ball
1-0: Ground out 6-3 (Groundball, 6, EV 105.0 MPH)
Batting: LHB Thomas Nealy 0-0: Ball
1-0: Foul Ball, location: 2F
1-1: Ball
2-1: Ball
3-1: Base on Balls
Batting: RHB Gabriel Martínez 0-0: Ball
1-0: Swinging Strike
1-1: Foul Ball, location: 2F
1-2: Ground out 5-3 (Groundball, 56S, EV 65.6 MPH)
Thomas Nealy to second
Batting: RHB Marcos Quintana 0-0: Ball
1-0: Called Strike
1-1: Foul Ball, location: 2F
1-2: SINGLE (Line Drive, 9S, EV 98.1 MPH)
Thomas Nealy to third
Batting: RHB Terry Kurucz 0-0: Swinging Strike
0-1: Ball
1-1: Ball
2-1: SINGLE (Groundball, 4S, EV 70.6 MPH) (infield hit)
Thomas Nealy scores
Marcos Quintana to second
Batting: RHB Dick Barnett 0-0: Ball
Passed Ball!
Marcos Quintana to third
Terry Kurucz to second
1-0: Ball
2-0: Called Strike
2-1: Ball
3-1: Called Strike
3-2: SINGLE (Groundball, 6MD, EV 103.1 MPH)
Marcos Quintana scores
Terry Kurucz to third
Terry Kurucz scores
Batting: LHB Oriol Fernández 0-0: Foul Ball, location: 2F
0-1: Ball
1-1: Ball
2-1: Foul Ball, location: 2F
2-2: Ball
3-2: Foul Ball, location: 2F
3-2: Foul Ball, location: 2F
3-2: Foul Ball, location: 2F
3-2: Fly out, F9 (Flyball, 9LS, EV 90.6 MPH)
Bottom of the 8th over - 3 runs, 3 hits, 0 errors, 1 left on base; Santa Barbara 7 - Athletic Club KC 14
TOP OF THE 9TH
Santa Barbara Golden Cranes batting - Pitching for Athletic Club KC Reserves : RHP Amin Yahouse
Pinch Hitting: LHB José Jiménez 0-0: Foul Ball, location: 2F
0-1: Foul Ball, location: 2F
0-2: Ball
1-2: Foul Ball, location: 2F
1-2: Ball
2-2: Strikes out swinging
Pinch Hitting: RHB Clint Morgan 0-0: Ball
1-0: Ground out 5-3 (Groundball, 56, EV 86.2 MPH)
Batting: LHB Kyle Mullens 0-0: Ball
1-0: Called Strike
1-1: Ball
2-1: Fly out, F9 (Flyball, 89S, EV 96.9 MPH)
Top of the 9th over - 0 runs, 0 hits, 0 errors, 0 left on base; Santa Barbara 7 - Athletic Club KC 14
Friday, March 26th, 2021 - OOTP Baseball 20.8 Build 74